 Dungeon Crawl Stone Soup version 0.26-a0-52-gd53d4cd (webtiles) character file.

Game seed: 16105935274846352976

3519 thirtiethelement the Carver (level 9, -3/71 HPs)
             Began as a Demonspawn Abyssal Knight on June 5, 2020.
             Was a High Priest of Lugonu.
             Shot with an arrow by a centaur (8 damage)
             ... on level 8 of the Dungeon.
             The game lasted 00:14:47 (7307 turns).

thirtiethelement the Carver (DsAK)                  Turns: 7307, Time: 00:14:47

Health: -3/71      AC: 11    Str: 16    XL:     9   Next: 81%
Magic:  11/11      EV: 12    Int: 14    God:    Lugonu [*****.]
Gold:   414        SH:  0    Dex: 12    Spells: 8/8 levels left

rFire    + . .     SeeInvis .   a - +1 falchion
rCold    . . .     Gourm    .   j - +0 buckler
rNeg     . . .     Faith    .   e - +0 ring mail
rPois    .         Spirit   .   (no helmet)
rElec    .         Reflect  +   (no cloak)
rCorr    .         Harm     .   q - +0 pair of gloves
MR       .....                  (no boots)
Stlth    ..........             v - amulet of reflection
HPRegen  0.21/turn              i - +4 ring of slaying
MPRegen  0.12/turn              p - ring of protection from fire

@: confused
A: iridescent scales 2, demonic guardian 1, spiny 2
a: Depart the Abyss, Bend Space, Banish, Corrupt, Enter the Abyss, Renounce
Religion


You were on level 8 of the Dungeon.
You worshipped Lugonu.
Lugonu was extremely pleased with you.
You were very hungry.

You visited 2 branches of the dungeon, and saw 9 of its levels.
You visited the Abyss 1 time.
You also visited: Ossuary.

You collected 414 gold pieces.

Inventory:

Hand Weapons
 a - a +1 falchion (weapon)
Missiles
 f - 2 boomerangs (quivered)
Armour
 b - a +0 leather armour
 e - a +0 ring mail (worn)
 j - a +0 buckler (worn)
 q - a +0 pair of gloves (worn)
Jewellery
 i - a +4 ring of slaying (left hand)
 l - an uncursed ring of wizardry
 p - a ring of protection from fire (right hand)
 v - an amulet of reflection (around neck)
 w - an uncursed ring of resist corrosion
 B - an uncursed ring of protection from cold
Wands
 g - a wand of random effects (15)
 r - a wand of enslavement (7)
Scrolls
 m - 2 scrolls of fog
 s - a scroll of teleportation
 t - 2 scrolls of remove curse
 x - 6 scrolls of magic mapping
 y - 4 scrolls of blinking
 C - a scroll of amnesia
Potions
 d - 2 potions of curing
 h - a potion of haste {unknown}
 k - a potion of stabbing {unknown}
 n - a potion of invisibility
 o - a potion of flight {unknown}
 u - a potion of might {unknown}
 z - 3 potions of heal wounds
 A - 2 potions of ambrosia
 E - a potion of brilliance {unknown}
Comestibles
 c - 10 rations


   Skills:
 + Level 6.5 Fighting
 + Level 8.2 Long Blades
 + Level 1.4 Throwing
 + Level 5.8 Armour
 + Level 4.9 Dodging
 + Level 2.0 Stealth
 + Level 2.4 Shields
 + Level 2.8 Invocations
 + Level 0.3 Evocations


You had 8 spell levels left.
You didn't know any spells.
Your spell library contained the following spells:

 Spells                   Type           Power        Failure   Level  Hunger
 Magic Dart               Conj           #...         52%         1    ##.....
 Blink                    Tloc           N/A          67%         2    ###....
 Call Imp                 Summ           #.......     67%         2    ###....
 Slow                     Hex            #.......     67%         2    ###....
 Conjure Flame            Conj/Fire      #.......     88%         3    ####...
 Mephitic Cloud           Conj/Pois/Air  #.......     88%         3    ####...


Dungeon Overview and Level Annotations

Branches:
Dungeon (8/15)             Temple (1/1) D:6         Ossuary (visited)
   Lair: D:8-11

Altars:
Ashenzari
Cheibriados
Dithmenos
Elyvilon
Fedhas
Gozag
Hepliaklqana
Kikubaaqudgha
Makhleb
Nemelex Xobeh
Okawaru
Qazlal
Ru
Sif Muna
Trog
Vehumet
Wu Jian
Xom
Yredelemnul
Zin
The Shining One

Annotations:
D:8 Gastronok


Innate Abilities, Weirdness & Mutations

You are mostly covered in iridescent scales. (AC +4)
A weak demonic guardian rushes to your aid.
You are mostly covered in sharp spines.


Message History

You feel a sudden urge to swivel your nonexistent eyestalks around.
Your white imp hits the two-headed ogre but does no damage.
Something hits you but does no damage.
The centaur unwields a +0 shortbow.
The centaur hits your white imp. The porcupine is struck by your spines.
You kill the porcupine!
Lugonu accepts your kill. Something barely misses you.
The centaur wields a +0 shortbow.
The centaur shoots an arrow.
The arrow hits your white imp!
Your white imp dies!
The two-headed ogre hits you but does no damage.
The two-headed ogre hits you with a +0 giant club!
* * * LOW HITPOINT WARNING * * *
Something hits you but does no damage.
Your white imp gestures at the two-headed ogre.
The puff of frost hits the two-headed ogre.
In your confused state, you trip and fall back down the stairs.
* * * LOW HITPOINT WARNING * * *
The centaur shoots an arrow.
The arrow hits you!
You die...

....##. ..
...!. ...
..#.##...
.....h...
#..(...#
#......#.
#.####(O5....<
#.....@o......
.......(.......
.....w.c.......
...............
............#..
###......#### .
.......?
.........


You could see Gastronok, a two-headed ogre, a centaur, a hound, an orc wizard
and a friendly white imp (summoned).

Vanquished Creatures
  3 hippogriffs (D:7)
  Edmund (D:6)
  2 water moccasins
  A porcupine (D:8)
  3 ice beasts
  A sky beast (D:5)
  A black bear (D:6)
  2 phantoms
  2 ogres
  A centaur (D:6)
  A bullfrog (D:6)
  A scorpion (D:5)
  A water moccasin skeleton (D:7)
  6 killer bees (D:7)
  2 howler monkeys
  2 crimson imps (D:6)
  3 centaur zombies
  A human zombie (Ossuary)
  3 hounds
  4 orc wizards
  An orc priest (D:3)
  A centaur skeleton (D:6)
  Jessica (D:2)
  3 iguanas
  9 worker ants
  A hound zombie (D:5)
  2 mummies (Ossuary)
  Robin (D:2)
  6 gnolls (D:7)
  7 adders
  4 shadow imps (D:6)
  An ooze (D:4)
  3 adder zombies (Ossuary)
  2 adder skeletons (D:4)
  2 worms (D:2)
  4 dart slugs
  3 leopard geckos
  13 orcs
  A ball python (D:3)
  7 bats
  8 giant cockroaches
  10 goblins
  16 hobgoblins
  10 jackals
  4 quokkas
  A goblin zombie (Ossuary)
  6 hobgoblin zombies (Ossuary)
  A jackal skeleton (D:6)
  7 kobolds
  10 kobold zombies (Ossuary)
  9 orc zombies (Ossuary)
  10 rats
  2 rat zombies (Ossuary)
207 creatures vanquished.

Vanquished Creatures (collateral kills)
  An ice beast (D:7)
  A necrophage (D:7)
  A crimson imp (D:5)
  2 centaur zombies
  A hound (D:5)
  An adder (D:4)
  A leopard gecko (D:6)
  2 orcs
  A jackal zombie (Ossuary)
11 creatures vanquished.

Grand Total: 218 creatures vanquished

Notes
Turn   | Place    | Note
-------+----------+-------------------------------------------
     0 | Abyss:1  | thirtiethelement the Demonspawn Abyssal Knight began the
                  | quest for the Orb.
     0 | Abyss:1  | Reached XP level 1. HP: 18/18 MP: 2/2
    46 | Abyss:2  | Noticed a small abomination
    55 | Abyss:2  | Noticed a cyan ugly thing
    61 | Abyss:2  | Noticed a starcursed mass
    62 | D:1      | Escaped the Abyss
   182 | D:1      | Reached * piety under Lugonu
   182 | D:1      | Reached skill level 1 in Dodging
   199 | D:1      | Gained mutation: A weak demonic guardian rushes to your
                  | aid. [demonic ancestry]
   199 | D:1      | Reached XP level 2. HP: 17/24 MP: 3/3
   554 | D:1      | Reached skill level 2 in Long Blades
   554 | D:1      | Reached XP level 3. HP: 29/29 MP: 5/5
   929 | D:1      | Reached ** piety under Lugonu
  1492 | D:2      | Noticed Robin
  1497 | D:2      | Gained mutation: You are partially covered in sharp spines.
                  | [demonic ancestry]
  1497 | D:2      | Reached XP level 4. HP: 28/36 MP: 6/6
  1509 | D:2      | Killed Robin
  1944 | D:2      | Found a sacrificial altar of Ru.
  2028 | D:2      | Noticed Jessica
  2032 | D:2      | Killed Jessica
  2032 | D:2      | Reached skill level 3 in Long Blades
  2270 | D:3      | Gained mutation: You are mostly covered in sharp spines.
                  | [demonic ancestry]
  2270 | D:3      | Reached XP level 5. HP: 38/42 MP: 7/7
  2271 | D:3      | Reached *** piety under Lugonu
  2467 | D:3      | Found a snail-covered altar of Cheibriados.
  2990 | D:4      | Gained mutation: You are partially covered in iridescent
                  | scales. (AC +2) [demonic ancestry]
  2990 | D:4      | Reached XP level 6. HP: 31/48 MP: 8/8
  3029 | D:4      | Reached skill level 4 in Long Blades
  3593 | D:5      | Entered Level 5 of the Dungeon
  3602 | D:5      | Gained mutation: You are mostly covered in iridescent
                  | scales. (AC +4) [demonic ancestry]
  3602 | D:5      | Reached XP level 7. HP: 48/55 MP: 9/9
  3639 | D:5      | Reached **** piety under Lugonu
  3698 | D:5      | Reached skill level 1 in Stealth
  3702 | D:5      | Reached skill level 5 in Long Blades
  3978 | D:5      | Reached skill level 1 in Throwing
  4063 | D:5      | Reached XP level 8. HP: 61/61 MP: 10/10
  4439 | D:5      | Reached skill level 5 in Fighting
  4513 | D:6      | Reached skill level 6 in Long Blades
  4535 | D:6      | Found an iron altar of Okawaru.
  4541 | D:6      | Found a glowing golden altar of the Shining One.
  4547 | D:6      | Found an opulent altar of Gozag.
  4608 | D:6      | Noticed Edmund
  4623 | D:6      | Killed Edmund
  4757 | D:6      | Found a sand-covered staircase.
  4762 | Ossuary  | Entered an ossuary
  4879 | Ossuary  | Reached ***** piety under Lugonu
  4991 | D:6      | Reached skill level 7 in Long Blades
  5184 | D:6      | Reached skill level 5 in Armour
  5234 | D:6      | Reached XP level 9. HP: 68/69 MP: 11/11
  5427 | D:6      | Found a staircase to the Ecumenical Temple.
  5618 | Temple   | Entered the Ecumenical Temple
  6429 | D:7      | Reached skill level 1 in Shields
  6826 | D:7      | Found a blossoming altar of Fedhas.
  7032 | D:8      | Noticed Gastronok
  7032 | D:8      | Noticed a two-headed ogre
  7043 | D:7      | Reached skill level 8 in Long Blades
  7307 | D:8      | Shot with an arrow by a centaur

Illustrated notes

Levels and vault maps discovered:
D:1:      zelgadis_glass_arrival_small, layout_loops_ring, nrook_campfire
D:2:      layout_basic, nicolae_ru_awakened_eye, st_stairs_12, uniq_robin,
          uniq_jessica
D:3:      layout_rooms, cheibriados_altar_1
D:4:      layout_rooms, first_ration
D:5:      layout_basic
D:6:      layout_basic, grunt_temple_overflow_diamond,
          minmay_temple_entry_fiery, enter_ossuary_5, uniq_edmund
D:7:      layout_cave_pools, kennysheep_little_box
D:8:      minmay_chambers_of_sixes, layout_basic, minmay_lair_entry_grove,
          uniq_gastronok
Temple:   nicolae_temple_elliptical

Skill      XL: |  1  2  3  4  5  6  7  8  9 |
---------------+----------------------------+-----
Armour         | 2 3 4 5 |  5.8
Dodging        | 1 2 3 4 |  4.9
Long Blades    | 2 3 4 5 7 8 |  8.2
Fighting       | 4 5 6 |  6.5
Stealth        | 1 2 |  2.0
Throwing       | 1 |  1.4
Shields        | 2 |  2.4
Invocations    | |  2.8
Evocations     | |  0.3

Action                   |  1- 3 |  4- 6 |  7- 9 || total
-------------------------+-------+-------+-------++-------
Melee: Falchion          |    97 |   128 |   272 ||   497
Throw: Boomerang         |       |     6 |     2 ||     8
Invok: Depart the Abyss  |     1 |       |       ||     1
Evoke: Wand              |       |       |     4 ||     4
  Use: Scroll            |     4 |     3 |     7 ||    14
 Stab: Distracted        |       |     3 |     2 ||     5
  Eat: Chunk             |     2 |     7 |     7 ||    16
       Ration            |       |       |     1 ||     1
Armor: Ring mail         |    37 |    33 |   116 ||   186
Dodge: Dodged            |    64 |    64 |   156 ||   284
Block: Other             |       |       |    37 ||    37
       Buckler           |       |       |    80 ||    80
       Reflection        |       |       |     1 ||     1
       Rpst.: Falchion   |    19 |    23 |    45 ||    87

Table legend:
 A = Non-vault XP
 B = Vault XP
 C = Vault XP percentage of total XP
 D = Non-vault monster count
 E = Vault monster count
 F = Vault count percentage of total count
                 A         B        C        D         E       F
            +---------+---------+-------+---------+---------+-------
      Total |    4485 |     543 |  10.8 |     164 |      54 |  24.8
            +---------+---------+-------+---------+---------+-------
        D:1 |      67 |       0 |   0.0 |      33 |       0 |   0.0
        D:2 |      32 |      86 |  72.9 |      15 |      14 |  48.3
        D:3 |     143 |       0 |   0.0 |      20 |       0 |   0.0
        D:4 |     346 |       0 |   0.0 |      19 |       0 |   0.0
        D:5 |     947 |       0 |   0.0 |      20 |       0 |   0.0
        D:6 |    1012 |     122 |  10.8 |      25 |       1 |   3.8
        D:7 |    1938 |       0 |   0.0 |      32 |       0 |   0.0
        D:8 |       0 |      80 | 100.0 |       0 |       1 | 100.0
    Ossuary |       0 |     255 | 100.0 |       0 |      38 | 100.0
            +---------+---------+-------+---------+---------+-------
